 Dungeon Crawl Stone Soup version 0.17.0-28-g6e173f8 (console) character file.

19710 gw the Basher (level 12, -10/104 HPs)
             Began as a Deep Dwarf Berserker on Nov 22, 2015.
             Was a High Priest of Trog.
             Mangled by a freezing wraith (17 damage)
             ... on level 13 of the Dungeon.
             The game lasted 00:13:18 (11400 turns).

gw the Basher (Deep Dwarf Berserker)               Turns: 11400, Time: 00:13:18

Health: -10/104    AC: 20    Str: 22    XL:     12   Next: 38%
Magic:  4/4        EV:  8    Int:  8    God:    Trog [*****.]
Gold:   668        SH:  0    Dex: 16    Spells: 0 memorised, 11 levels left

rFire  . . .     SeeInvis .     a - +1 dire flail
rCold  . . .     Clarity  .     y - +0 plate armour
rNeg   . . .     SustAt   .     (shield currently unavailable)
rPois  .         Gourm    .     z - +2 hat {MR+}
rElec  .         Spirit   .     e - +0 cloak
rCorr  .         Warding  .     (no gloves)
rMut   .         Rnd*Tele +     p - +0 pair of boots
MR     ++++.                    (no amulet)
Stlth  ..........               x - ring of teleportation (curse)
                                j - +1 ring of slaying

@: exhausted, starving, non-regenerating, slowed, very slow, incredibly
resistant to hostile enchantments, extremely unstealthy
A: damage resistance, recharge devices, horns 1, frail 1, sense surroundings 3,
slow regeneration 3
a: Device Recharging, Berserk, Trog's Hand, Brothers in Arms, Burn Spellbooks,
Renounce Religion, Evoke Teleportation


You were on level 13 of the Dungeon.
You worshipped Trog.
Trog was extremely pleased with you.
You were starving.

You visited 1 branch of the dungeon, and saw 13 of its levels.

You collected 668 gold pieces.

Inventory:

Hand Weapons
 a - a +1 dire flail (weapon)
 b - a +0 hand crossbow
Missiles
 i - 12 poisoned bolts
 n - 17 bolts
Armour
 e - a +0 cloak (worn)
 p - a +0 pair of boots (worn)
 y - a +0 plate armour (worn)
 z - a +2 hat of magic resistance (worn)
Jewellery
 j - a +1 ring of slaying (left hand)
 x - a cursed ring of teleportation (right hand)
Wands
 c - a wand of heal wounds (2)
 q - a wand of draining (5)
 A - a wand of cold (4)
Scrolls
 h - 12 scrolls of identify
 s - 5 scrolls of blinking
 t - a scroll of fog
 B - a scroll of remove curse
Potions
 g - a potion of invisibility
 l - a potion of ambrosia
 m - 3 potions of curing
 o - a potion of lignification
 v - a potion of resistance
 D - 2 potions of might
Comestibles
 d - 9 bread rations
 f - 6 meat rations
 k - a fruit
 r - 3 slices of pizza
 u - 9 royal jellies
 w - 3 beef jerkies


   Skills:
 + Level 9.7 Fighting
 * Level 14.4 Maces & Flails
 + Level 2.2 Crossbows
 + Level 11.4 Armour
 - Level 2.1 Dodging
 - Level 1.1 Evocations


You had 11 spell levels left.
You didn't know any spells.

Dungeon Overview and Level Annotations

Branches:
Dungeon (13/15)            Temple (0/1) D:4            Lair (0/8) D:9
    Orc (0/4) D:11
 Vaults: D:13-14

Altars:
Gozag
Kikubaaqudgha
Makhleb
Qazlal
Ru
Sif Muna
Xom
Yredelemnul
The Shining One

Shops:
D:6 [


Innate Abilities, Weirdness & Mutations

You are resistant to damage.
You can recharge devices by infusing magical energy.
You passively map a large area around you.
You do not regenerate naturally.
You have a pair of small horns on your head.
You are frail (-10% HP).


Message History

The orc wizard seems to speed up.
The giant frog skeleton barely misses you.
The freezing wraith hits you but does no damage. x2
The hill giant barely misses you.
The centaur skeleton closely misses you.
The hungry ghost closely misses you.
Your ogre goes berserk!
You feel somewhat more hungry. The giant frog skeleton hits you.
The centaur skeleton hits you but does no damage.
The freezing wraith hits you. The freezing wraith freezes you!!
The freezing wraith hits you but does no damage.
The hill giant hits you with a giant club!!
The giant frog skeleton hits you but does no damage.
The centaur skeleton hits you but does no damage.
The hungry ghost hits you.
You are starving!
The lava snake spits lava at you. The glob of lava hits you!
The freezing wraith hits you. The freezing wraith freezes you!!
You die...

* ,, ** *,, , , ,
* ** ,, , * * , ,
, ##+++## * * ** *
##.....##
#######......~# *
##~~~~S#......¤#
*** * *
~~~~..Z'Z.)...¤#
*, ,
*~~~~...WgCo....~#
*, *
~¤....W#~T....~# *
~~.....O#¤.....~#
, .......#~.....~#
* *
.......#¤¤...S~#
.......#¤.¤..~~#
*,
.......#~¤...~¤# ,
, * .......
~....~~ ,*, * * ~
,


You could see a hill giant, a freezing wraith, a troll, a hungry ghost, 2 lava
snakes, an orc wizard, a giant frog skeleton, a centaur skeleton and a friendly
ogre (berserk).

Table legend:
 A = Turns spent in this place as a percentage of turns spent in the entire game.
 B = Non-inter-level travel turns spent in this place as a percentage of non-inter-level travel turns spent in the entire game.
 C = Inter-level travel turns spent in this place as a percentage of turns spent in this place.
 D = Turns resting spent in this place as a percentage of non-inter-level travel turns spent in this place.
 E = Turns spent auto-exploring this place as a percentage of non-inter-level travel turns spent in this place.
 F = Non-inter-level travel turns spent in this place divided by the number of levels of this place that you've seen.
                   A       B       C       D       E      F
               +-------+-------+-------+-------+-------+----------------------
         Total | 100.0 | 100.0 |   0.5 |   0.3 |   2.2 | 1586.7
       Dungeon | 100.0 | 100.0 |   0.5 |   0.3 |   2.2 | 1586.7
               +-------+-------+-------+-------+-------+----------------------

Table legend:
 A = Kills in this place as a percentage of kills in entire the game.
 B = Kills by you in this place as a percentage of kills by you in the entire game.
 C = Kills by friends in this place as a percentage of kills by friends in the entire game.
 D = Other kills in this place as a percentage of other kills in the entire game.
 E = Experience gained in this place as a percentage of experience gained in the entire game.
 F = Experience gained in this place divided by the number of levels of this place that you have seen.
                   A       B       C       D       E      F
               +-------+-------+-------+-------+-------+----------------------
         Total | 100.0 | 100.0 |  -nan |  -nan | 100.0 | 2166.0
       Dungeon | 100.0 | 100.0 |  -nan |  -nan | 100.0 | 2166.0
               +-------+-------+-------+-------+-------+----------------------

Vanquished Creatures
  Gastronok (D:9)
  Snorg (D:12)
  A centaur warrior (D:13)
  Erica (D:9)
  The ghost of gw the Cleaver, a novice HOBe of Trog (D:9)
  2 dancing weapons (D:13)
  3 ugly things
  A wolf spider (D:10)
  A cyclops (D:12)
  A centaur zombie (D:12)
  A gargoyle (D:12)
  An efreet (D:10)
  A troll (D:12)
  A deep elf priest (D:10)
  Prince Ribbit (D:9)
  A two-headed ogre (D:8)
  3 deep elf magi
  Sigmund (D:4)
  18 yaks
  2 hungry ghosts
  3 hippogriffs
  Menkaure (D:4)
  A mottled dragon (D:12)
  2 soldier ants
  A spider (D:10)
  8 orc warriors
  2 ice beasts
  A sky beast (D:12)
  A wasp (D:10)
  A black bear (D:10)
  4 centaurs
  A necrophage (D:9)
  2 crocodiles
  7 ogres
  A big kobold (D:7)
  9 giant frogs
  A gnoll sergeant (D:11)
  2 scorpions (D:9)
  21 killer bees
  7 wights (D:7)
  6 crimson imps
  A quasit (D:10)
  2 giant frog skeletons
  6 iguanas
  3 jellies
  7 hounds
  6 worker ants
  9 orc priests
  7 orc wizards
  3 hound skeletons
  A hound zombie (D:7)
  A worker ant zombie (D:6)
  5 gnolls (D:11)
  14 adders
  3 shadow imps
  An ooze (D:6)
  4 worms
  5 giant geckos
  38 orcs
  4 goblins
  6 hobgoblins
  4 quokkas
  3 ball pythons
  4 bats
  2 giant cockroaches
  A giant gecko skeleton (D:5)
  A giant gecko zombie (D:5)
  A giant newt (D:2)
  7 jackals
  A jackal skeleton (D:5)
  A jackal zombie (D:7)
  9 kobolds
  A quokka skeleton (D:6)
  5 rats
291 creatures vanquished.

Vanquished Creatures (others)
  2 bushes (D:10)
2 creatures vanquished.

Grand Total: 293 creatures vanquished

Notes
Turn   | Place    | Note
--------------------------------------------------------------
     0 | D:1      | gw the Deep Dwarf Berserker began the quest for the Orb.
     0 | D:1      | Reached XP level 1. HP: 20/20 MP: 1/1
   261 | D:1      | Reached XP level 2. HP: 20/27 MP: 2/2
   765 | D:2      | Found a basalt altar of Yredelemnul.
   800 | D:2      | Reached XP level 3. HP: 25/33 MP: 3/3
   962 | D:2      | Reached ** piety under Trog
  1990 | D:3      | Reached skill level 4 in Maces & Flails
  1990 | D:3      | Reached skill level 1 in Evocations
  1990 | D:3      | Reached XP level 4. HP: 27/42 MP: 4/4
  2478 | D:4      | Noticed Sigmund
  2487 | D:4      | Killed Sigmund
  2487 | D:4      | Reached skill level 5 in Maces & Flails
  2487 | D:4      | Reached XP level 5. HP: 50/50 MP: 5/5
  2487 | D:4      | Reached XP level 6. HP: 57/57 MP: 6/6
  2617 | D:4      | Noticed Menkaure
  2622 | D:4      | Killed Menkaure
  2692 | D:4      | Found a staircase to the Ecumenical Temple.
  2827 | D:5      | Entered Level 5 of the Dungeon
  2856 | D:5      | Found an ancient bone altar of Kikubaaqudgha.
  3124 | D:5      | Reached skill level 6 in Maces & Flails
  3201 | D:5      | Reached XP level 7. HP: 59/64 MP: 7/7
  3412 | D:5      | Found a burning altar of Makhleb.
  3545 | D:6      | Reached skill level 5 in Armour
  3554 | D:6      | Reached *** piety under Trog
  3886 | D:6      | Reached skill level 7 in Maces & Flails
  3975 | D:6      | Reached XP level 8. HP: 73/73 MP: 8/8
  4193 | D:6      | Found a glowing golden altar of the Shining One.
  4205 | D:6      | Reached skill level 5 in Fighting
  4264 | D:6      | Found Zurizam's Armour Shoppe.
  4503 | D:7      | Found a sacrificial altar of Ru.
  4547 | D:7      | Reached skill level 8 in Maces & Flails
  4713 | D:7      | Found a shimmering altar of Xom.
  4889 | D:7      | Reached skill level 9 in Maces & Flails
  4889 | D:7      | Gained mutation: You passively map the area around you. [Deep Dwarf growth]
  4889 | D:7      | Reached XP level 9. HP: 72/82 MP: 9/9
  5263 | D:7      | Found an opulent altar of Gozag.
  5264 | D:7      | Found a stormy altar of Qazlal.
  5269 | D:7      | Gained mutation: You have a pair of small horns on your head. [potion of beneficial mutation]
  5583 | D:8      | Reached **** piety under Trog
  5806 | D:8      | Reached skill level 10 in Maces & Flails
  6389 | D:9      | Noticed gw's ghost (novice HOBe)
  6397 | D:9      | Killed gw's ghost
  6397 | D:9      | Reached XP level 10. HP: 85/94 MP: 10/10
  6823 | D:9      | Found a staircase to the Lair.
  6878 | D:9      | Noticed Gastronok
  6900 | D:9      | Killed Gastronok
  6900 | D:9      | Reached skill level 11 in Maces & Flails
  7033 | D:9      | Noticed Prince Ribbit
  7049 | D:9      | Killed Prince Ribbit
  7213 | D:9      | Noticed Erica
  7238 | D:9      | Killed Erica
  7238 | D:9      | Reached skill level 12 in Maces & Flails
  7483 | D:9      | Found a deep blue altar of Sif Muna.
  7948 | D:10     | Entered Level 10 of the Dungeon
  8018 | D:10     | Reached XP level 11. HP: 67/103 MP: 9/9
  8293 | D:10     | Reached ***** piety under Trog
  8479 | D:10     | Noticed a wolf spider
  8491 | D:10     | Reached skill level 10 in Armour
  8502 | D:10     | Killed a wolf spider
  8811 | D:10     | Reached skill level 13 in Maces & Flails
  9411 | D:11     | Found a staircase to the Orcish Mines.
 10340 | D:11     | Gained mutation: You passively map a large area around you. [potion of mutation]
 10340 | D:11     | Gained mutation: You are frail (-10% HP). [potion of mutation]
 10402 | D:12     | Noticed Snorg
 10417 | D:12     | Killed Snorg
 10647 | D:12     | Reached XP level 12. HP: 55/102 MP: 5/5
 10737 | D:12     | Reached skill level 14 in Maces & Flails
 11010 | D:12     | Found a sacrificial altar of Ru.
 11300 | D:13     | Reached skill level 1 in Crossbows
 11302 | D:13     | Noticed a centaur warrior
 11317 | D:13     | Killed a centaur warrior
 11370 | D:13     | Received a gift from Trog
 11400 | D:13     | Mangled by a freezing wraith

Action                   |  1- 3 |  4- 6 |  7- 9 | 10-12 || total
-------------------------+-------+-------+-------+-------++-------
Melee: Mace              |   157 |    27 |       |       ||   184
       Flail             |       |    76 |   247 |       ||   323
       Dire flail        |       |       |   201 |   485 ||   686
 Fire: Hand crossbow     |       |       |       |     9 ||     9
Invok: Berserk           |       |     2 |     5 |    10 ||    17
       Trog's Hand       |       |     1 |     2 |     6 ||     9
       Brothers in Arms  |       |       |       |     3 ||     3
 Abil: Device Recharging |       |       |       |     8 ||     8
Evoke: Wand              |     2 |     2 |    19 |    37 ||    60
  Use: Potion            |     6 |     4 |     5 |     4 ||    19
       Scroll            |     4 |     5 |     8 |     4 ||    21
 Stab: Sleeping          |     1 |       |       |       ||     1
  Eat: Chunk             |     4 |     6 |    16 |    23 ||    49
       Fruit             |       |       |       |    10 ||    10
       Beef jerky        |       |       |       |     1 ||     1

Vault maps used:
D:1:      nagdon_arrival_double_spiral, minmay_misc_feat_more_columns
D:2:      yredelemnul_altar_generic, serial_glass, glass_columns_a,
          glass_columns_c, glass_columns_a, glass_columns_a, glass_columns_b,
          glass_columns_b, glass_columns_b, glass_columns_a, nrook_mini_vaults,
          minivault_26
D:4:      temple_fountains, uniq_menkaure, uniq_sigmund
D:5:      makhleb_grotto_becter, nicolae_overflow_crystal_walls, first_bread
D:6:      serial_shops, nicolae_shop_crystal, basic_altar
D:7:      nicolae_ru_sacrificial_ziggurat, gammafunk_temple_overflow_pools,
          basic_altar, hangedman_abyss_or_decor_lesser_grid
D:9:      overflow_temple_1_default, lair_0_dummy, uniq_prince_ribbit1,
          uniq_gastronok, uniq_erica
D:10:     minmay_klotski, hangedman_pestilent_swarm
D:11:     david_orc_2
D:12:     basic_altar, bh_walls_and_bars, uniq_snorg
D:13:     kennysheep_treasure_stockpile, erik_vaults_1, serial_shops,
          nicolae_shop_stone, basic_altar
